AoeStats
← Bliitzz67

MegaRandom

508844446Analyzed
4v4 RM · 9d ago on Sep 24, 2026· 102m 0s· 8 players
Game mode
Random Map
Map size
Large (8 player)
Population
200
Speed
Normal
Resources
Standard
Victory
Conquest
Starting age
Dark Age
Ending age
Imperial Age
RankedLock teamsTeams togetherTeam positionsShared explorationLock speedFull tech treeHidden civsTurbo modeCheats
Victory
Defeat
🇫🇷 Magyars · France
1053
+14
🇫🇷 Turks · France
1031
+14
🇭🇰 Mongols · Hong Kong SAR China
1026
+15
🇧🇷 Khitans · Brazil
1025
+15
🇫🇷 Persians · France
1054
-18
🇵🇰 Vietnamese · Pakistan
994
-14
🇵🇰 Bohemians · Pakistan
975
-13
🇵🇰 Goths · Pakistan
972
-13
marcosprojj
3:07 Loom
11:26 Feudal Age
18:41 Castle Age
16:39 Double-Bit Axe
17:10 Domestication
24:37 Pastoralism
28:37 Bow Saw
32:03 Imperial Age
29:56 Gold Mining
32:11 Scale Barding Armor
34:25 Elite Steppe Lancer
37:43 Forging
39:42 Husbandry
40:38 Transhumance
40:44 Chain Barding Armor
41:09 Ordo Cavalry
42:56 Heavy Rocket Cart
43:45 Light Cavalry
62:08 Elite Skirmisher
69:24 Thumb Ring
73:17 Chemistry
73:26 Padded Archer Armor
73:16 Fletching
74:03 Iron Casting
74:05 Plate Barding Armor
76:57 Leather Archer Armor
76:38 Bodkin Arrow
Attila the Hun
3:57 Loom
12:24 Feudal Age
14:50 Double-Bit Axe
22:26 Castle Age
20:12 Horse Collar
21:33 Scale Mail Armor
22:34 Bloodlines
23:02 Pikeman
25:26 Chain Mail Armor
26:51 Arson
34:02 Gold Mining
38:01 Imperial Age
36:39 Wheelbarrow
36:10 Padded Archer Armor
36:00 Fletching
37:35 Ballistics
37:36 Town Watch
38:13 Heated Shot
38:49 Bodkin Arrow
39:09 Leather Archer Armor
39:04 Husbandry
39:42 Parthian Tactics
40:32 Scale Barding Armor
40:58 Ring Archer Armor
41:58 Conscription
42:00 Chain Barding Armor
41:53 Heavy Plow
43:40 Crop Rotation
43:48 Hand Cart
44:43 Chemistry
45:10 Heavy Cavalry Archer
46:58 Bracer
47:33 Plate Barding Armor
47:05 Cavalier
47:06 Light Cavalry
49:02 Recurve Bow
49:35 Fishing Lines
50:48 Gold Shaft Mining
50:04 Stone Mining
50:21 Town Patrol
50:47 Corvinian Army
52:08 Elite Magyar Huszar
53:31 Paladin
53:32 Hussar
55:07 Hoardings
55:55 Caravan
56:25 Coinage
55:38 Halberdier
71:35 Fervor
71:40 Block Printing
82:20 Banking
94:31 Medium Warships
98:46 Heavy Warships
98:10 Demolition Ship
Bliitzz67
0:37 Loom
11:24 Feudal Age
17:10 Castle Age
16:19 Double-Bit Axe
16:16 Horse Collar
16:29 Stone Mining
19:34 Gold Mining
21:01 Wheelbarrow
30:19 Imperial Age
28:55 Ballistics
28:50 Bow Saw
30:07 Heavy Plow
33:58 Hand Cart
37:12 Artillery
39:28 Bloodlines
39:20 Husbandry
39:37 Forging
39:33 Scale Barding Armor
43:25 Iron Casting
43:11 Chain Barding Armor
42:31 Elite Janissary
44:55 Heavy Camel Rider
98:23 Elite Cannon Galleon
98:25 Demolition Ship
99:18 Medium Warships
code monkey HK
5:04 Loom
10:36 Feudal Age
12:14 Double-Bit Axe
13:08 Wheelbarrow
16:26 Gold Mining
17:26 Horse Collar
20:14 Castle Age
18:33 Scale Barding Armor
18:39 Forging
24:57 Chain Barding Armor
25:09 Hand Cart
28:06 Husbandry
28:17 Bloodlines
30:17 Gold Shaft Mining
38:54 Iron Casting
40:56 Imperial Age
38:25 Stone Mining
38:30 Town Watch
39:36 Heavy Plow
39:58 Bow Saw
41:02 Elite Steppe Lancer
42:46 Blast Furnace
47:49 Stone Shaft Mining
48:37 Nomads
48:58 Conscription
57:09 Drill
56:47 Fletching
58:54 Bodkin Arrow
60:29 Capped Ram
63:49 Siege Ram
70:48 Light Cavalry
71:32 Bracer
71:34 Padded Archer Armor
75:41 Caravan
77:23 Elite Skirmisher
78:08 Thumb Ring
83:43 Leather Archer Armor
83:31 Scale Mail Armor
82:51 Pikeman
83:32 Squires
84:09 Siege Ram
84:59 Caravan
87:44 Murder Holes
88:10 Ballistics
88:51 Chemistry
87:57 Siege Engineers
88:02 Masonry
88:37 Chain Mail Armor
96:56 Fervor
98:42 Hoardings
99:08 Hussar
101:38 Town Patrol
Alviset
6:44 Loom
12:43 Feudal Age
13:19 Double-Bit Axe
14:43 Wheelbarrow
15:56 Horse Collar
16:34 Bloodlines
18:33 Castle Age
17:13 Scale Barding Armor
18:18 Bloodlines
18:09 Fletching
20:22 Husbandry
21:12 Husbandry
22:50 Hand Cart
22:54 Fishing Lines
23:17 Gold Mining
24:03 Gillnets
25:03 Forging
30:47 Imperial Age
28:16 Stone Mining
28:14 Elite Skirmisher
28:50 Fletching
29:16 Heavy Plow
30:35 Masonry
30:49 Chain Barding Armor
31:12 Bodkin Arrow
33:34 Plate Barding Armor
37:37 Iron Casting
39:50 Bow Saw
39:07 Cavalier
42:05 Savar
49:07 Blast Furnace
67:11 Two-Man Saw
72:55 Town Watch
75:21 Guilds
82:48 Town Watch
91:56 Light Cavalry
94:15 Caravan
94:01 Hussar
95:42 Town Patrol
Just_jawad
0:28 Loom
12:49 Feudal Age
18:12 Castle Age
16:25 Double-Bit Axe
17:33 Horse Collar
19:28 Wheelbarrow
19:14 Heavy Plow
19:31 Bow Saw
26:51 Hand Cart
29:02 Wagenburg Tactics
34:02 Imperial Age
34:27 Fletching
34:38 Padded Archer Armor
34:49 Forging
34:40 Scale Mail Armor
34:19 Elite Hussite Wagon
35:23 Conscription
35:53 Bodkin Arrow
36:14 Leather Archer Armor
35:50 Onager
37:33 Chemistry
36:54 Ballistics
36:33 Arson
36:49 Squires
36:53 Pikeman
37:40 Halberdier
39:22 Bombard Tower
39:10 Bracer
39:45 Ring Archer Armor
40:20 Iron Casting
40:01 Chain Mail Armor
41:29 Two-Man Saw
42:06 Houfnice
43:14 Arrowslits
43:40 Fortified Wall
50:56 Plate Mail Armor
51:32 Blast Furnace
87:05 Elite Cannon Galleon
98:29 Fishing Lines
99:47 Gillnets
Naughty Grandpa
13:00 Feudal Age
14:20 Wheelbarrow
13:33 Double-Bit Axe
21:02 Castle Age
20:12 Gold Mining
20:12 Stone Mining
23:46 Bow Saw
24:26 Stone Shaft Mining
24:25 Horse Collar
26:44 Hand Cart
26:53 Forging
26:44 Scale Mail Armor
29:20 Anarchy
30:00 Heavy Plow
30:41 Iron Casting
31:16 Squires
30:36 Pikeman
32:02 Caravan
33:26 Pikeman
34:31 Fletching
34:41 Padded Archer Armor
34:57 Chain Mail Armor
34:47 Elite Skirmisher
36:37 Leather Archer Armor
45:17 Imperial Age
45:46 Imperial Skirmisher
47:02 Elite Huskarl
47:43 Perfusion
47:43 Halberdier
51:14 Ring Archer Armor
53:03 Loom
Memory
2:32 Loom
13:57 Feudal Age
15:36 Wheelbarrow
14:47 Double-Bit Axe
14:43 Horse Collar
14:55 Gold Mining
16:09 Fletching
16:20 Padded Archer Armor
25:25 Castle Age
25:31 Crossbowman
26:16 Thumb Ring
26:29 Bodkin Arrow
29:27 Bow Saw
34:21 Ballistics
37:21 Leather Archer Armor
42:20 Imperial Age
40:58 Hand Cart
41:04 Hand Cart
43:20 Bracer
44:22 Chemistry
43:19 Arbalester
44:18 Elite Skirmisher
45:48 Ring Archer Armor
45:33 Imperial Skirmisher
66:07 Murder Holes
69:50 Two-Man Saw
68:51 Heavy Plow
68:42 Stone Mining
Connection lost

Rejoining the realm…

Still unreachable

The connection could not be restored.

Session expired

The server has moved on; the page needs a fresh start.